 Dungeon Crawl Stone Soup version 0.29-a0-1016-g236c7fd91e (webtiles) character file.

Game seed: 6832724961782497971

406 Manisian the Sneak (level 6, 0/30 HPs)
             Began as a Spriggan Enchanter on Aug 9, 2022.
             Slain by an orc wizard
             ... wielding a +0 dagger
              (4 damage)
             ... on level 4 of the Dungeon.
             The game lasted 00:06:33 (4549 turns).

Manisian the Sneak (Spriggan Enchanter)             Turns: 4549, Time: 00:06:34

Health: 0/30       AC:  7    Str:  4    XL:     6   Next: 56%
Magic:  3/12       EV: 18    Int: 18    God:
Gold:   170        SH:  0    Dex: 16    Spells: 10/12 levels left

rFire   . . .      SeeInvis +   k - +2 dagger (speed)
rCold   . . .      Faith    .   (no shield)
rNeg    . . .      Spirit   .   b - +1 robe
rPois   .          Reflect  .   (helmet restricted)
rElec   .          Harm     .   h - scarf {repulsion}
rCorr   .          Rampage  .   (gloves unavailable)
Will    +....                   (boots unavailable)
Stlth   ++++......              (no amulet)
HPRegen 0.10/turn               e - +4 ring of protection
MPRegen 0.13/turn               (no ring)

@: invisible, repel missiles, very quick
A: very small, no large weapons, unfitting armour, see invisible, speed 3
a: no special abilities


You were on level 4 of the Dungeon.
You visited 1 branch of the dungeon, and saw 4 of its levels.

You collected 170 gold pieces.

Inventory:

Hand Weapons
 a - a +1 dagger
 k - a +2 dagger of speed (weapon)
Armour
 b - a +1 robe (worn)
 h - a scarf of repulsion (worn)
Jewellery
 e - a +4 ring of protection (left hand)
Wands
 i - a wand of iceblast (1)
 j - a wand of flame (17)
Scrolls
 f - 4 scrolls of identify
 n - a scroll of vulnerability {unknown}
Potions
 c - a potion of invisibility
 d - a potion of mutation
 g - 3 potions of haste
 l - a potion of might {unknown}
 m - a potion of brilliance {unknown}


   Skills:
 + Level 1.0 Fighting
 + Level 2.5 Short Blades
 + Level 3.2 Dodging
 + Level 7.5 Stealth
 + Level 3.6 Spellcasting
 + Level 5.1 Hexes
 + Level 2.0 Ice Magic


You had 10 spell levels left.
You knew the following spells:

 Your Spells              Type           Power      Damage    Failure   Level
a - Ensorcelled Hibernat  Hex/Ice        32%        N/A       5%          2

Your spell library contained the following spells:

 Spells                   Type           Power      Damage    Failure   Level
 Confusing Touch          Hex            21%        N/A       5%          3
 Tukima's Dance           Hex            21%        N/A       5%          3
 Foxfire                  Conj/Fire      12%        2x1d4     16%         1
 Dazzling Flash           Conj/Hex       24%        N/A       16%         3
 Inner Flame              Hex/Fire       12%        N/A       16%         3
 Conjure Flame            Conj/Fire      3%         6-21      43%         3
 Flame Wave               Conj/Fire      3%         2d5       83%         4


Dungeon Overview and Level Annotations

Branches:
Dungeon (4/15)
 Temple: D:4-7

Altars:

Shops:
D:3 =


Innate Abilities, Weirdness & Mutations

You are very small and have problems with some larger weapons.
You are too small for most types of armour.
You have supernaturally acute eyesight. (SInv)
You cover ground extremely quickly. (Speed+++)


Message History

You are confused.
Unknown command.
You fade into invisibility!
The orc completely misses you. The orc wizard barely misses you.
You bump into the rock wall.
The orc closely misses you. The orc wizard misses you.
You bump into the rock wall.
The orc hits you with a +0 club.
* * * LOW HITPOINT WARNING * * *
The orc wizard hits you but does no damage.
You bump into the rock wall.
The orc barely misses you.
The orc wizard hits you with a +0 dagger.
* * * LOW HITPOINT WARNING * * *
You feel less confused.
You hit the orc.
The orc is heavily wounded.
The orc wizard barely misses you. The orc barely misses you.
You barely miss the orc.
The orc is heavily wounded.
You closely miss the orc.
The orc is heavily wounded.
The orc misses you.
You hit the orc.
The orc is severely wounded.
You closely miss the orc.
The orc is severely wounded.
You hit the orc but do no damage.
The orc is severely wounded.
You closely miss the orc.
The orc is severely wounded.
The orc hits you with a +0 club.
* * * LOW HITPOINT WARNING * * *
The orc wizard barely misses you.
You hit the orc wizard.
The orc wizard is severely wounded.
You barely miss the orc wizard.
The orc wizard is severely wounded.
The orc misses you.
The orc wizard hits you with a +0 dagger.
You die...

###..†...#.# .....#
..#......... ..#....#
.........#.. .......# ##
..#.....## ##.......#...
.###....## ##..##........
.##......# #...##.....##
.###.....####..##.......#.
...............#.o........
#.#..........(..@.#.......
#..............#o.##......
...#.......†.###..# ....##
...##........##.?... #..#
....#.......##......# ###
.........#........<..#
......####........#...#
###...####..........### #
#....#...........


You could see an orc wizard (invisible, unable to see you) and an orc (unable to
see you).

Vanquished Creatures
  Sigmund (D:3)
  A scorpion (D:3)
  An orc priest (D:4)
  An orc wizard (D:3)
  3 adders
  3 gnolls (D:2)
  A shadow imp (D:4)
  A worm (D:3)
  5 orcs
  2 endoplasms
  2 giant cockroaches
  6 goblins
  10 hobgoblins
  4 kobolds
  6 quokkas
  6 ball pythons
  8 bats
  3 frilled lizards
  10 rats
74 creatures vanquished.

Notes
Turn   | Place    | Note
-------+----------+-------------------------------------------
     0 | D:1      | Manisian the Spriggan Enchanter began the quest for the
                  | Orb.
     0 | D:1      | Reached XP level 1. HP: 9/9 MP: 5/5
   619 | D:1      | Reached XP level 2. HP: 13/13 MP: 6/6
   737 | D:1      | Learned a level 2 spell: Ensorcelled Hibernation
   874 | D:1      | Found a faded altar of an unknown god.
  1319 | D:2      | Reached skill level 5 in Stealth
  1633 | D:2      | Reached XP level 3. HP: 4/16 MP: 2/8
  1992 | D:2      | Reached XP level 4. HP: 8/21 MP: 1/9
  3134 | D:3      | Reached skill level 1 in Ice Magic
  3278 | D:3      | Identified the +1 leather armour of Shadows and Fog {rPois
                  | rN+ Will+ Str+4}
  3322 | D:3      | Noticed Sigmund
  3328 | D:3      | Killed Sigmund
  3329 | D:3      | Reached skill level 6 in Stealth
  3329 | D:3      | Reached XP level 5. HP: 25/25 MP: 9/11
  3351 | D:3      | Reached XP level 6. HP: 28/29 MP: 12/12
  3536 | D:3      | Found Laish's Jewellery Shoppe.
  3707 | D:3      | Reached skill level 1 in Fighting
  3707 | D:3      | Reached skill level 7 in Stealth
  4224 | D:4      | Reached skill level 5 in Hexes
  4549 | D:4      | Slain by an orc wizard

Illustrated notes

Levels and vault maps discovered:
D:1:      eino_arrival_druids_welcome, layout_basic,
          hellmonk_ecumenical_altar_crossroads, hangedman_feature_mirror,
          moated_statue
D:2:      layout_loops_ring
D:3:      layout_basic, serial_shops, nicolae_shop_hallway_plus, uniq_sigmund
D:4:      layout_cave_pools

Skill      XL: |  1  2  3  4  5  6 |
---------------+-------------------+-----
Dodging        | 3 |  3.2
Stealth        | 5 6 7 |  7.5
Short Blades   | 2 |  2.5
Hexes          | 4 5 |  5.1
Spellcasting   | 3 |  3.6
Ice Magic      | 1 2 |  2.0
Fighting       | 1 |  1.0

Action                   |  1- 3 |  4- 6 || total
-------------------------+-------+-------++-------
Melee: Dagger            |   114 |   118 ||   232
 Cast: Ensorcelled Hiber |    25 |    36 ||    61
  Use: Scroll            |     3 |     2 ||     5
       Potion            |       |     1 ||     1
 Stab: Sleeping          |    20 |    31 ||    51
Armor: Robe              |    23 |    21 ||    44
Dodge: Dodged            |    70 |    72 ||   142
       Repelled          |       |     2 ||     2

Table legend: (Time is in decaauts)
 A = Elapsed time spent in this place.
 B = Non-inter-level travel time spent in this place.
 C = Inter-level travel time spent in this place.
 D = Time resting spent in this place.
 E = Time spent auto-exploring this place.
 F = Levels seen in this place.
 G = Mean time per level.
                   A        B        C        D        E       F      G
               +--------+--------+--------+--------+--------+-----+--------+
         Total |   3558 |   3508 |     50 |      0 |   2946 |   4 |  889.5 |
       Dungeon |   3558 |   3508 |     50 |      0 |   2946 |   4 |  889.5 |
               +--------+--------+--------+--------+--------+-----+--------+

Top non-repeatable levels by time:
     D:2: 1502 daAuts
     D:1: 1066 daAuts
     D:3: 739 daAuts
     D:4: 249 daAuts
